 Dungeon Crawl Stone Soup version 0.24.0-123-gd5b16e6ec5 (webtiles) character file.

Game seed: 4410151166590654650, levelgen mode: deterministic

25 Chiseanne the Chucker (level 2, 0/14 HPs)
             Began as a Spriggan Hunter on Jan 17, 2020.
             Slain by an adder (2 damage)
             ... on level 3 of the Dungeon.
             The game lasted 00:03:05 (734 turns).

Chiseanne the Chucker (Spriggan Hunter)              Turns: 734, Time: 00:03:05

Health: 0/14       AC:  3    Str: 13    XL:     2   Next: 82%
Magic:  3/3        EV: 19    Int: 12    God:
Gold:   39         SH:  0    Dex: 16    Spells: 1/1 levels left

rFire    . . .     SeeInvis +   a - +1 dagger (vamp)
rCold    . . .     Gourm    .   (shield restricted)
rNeg     . . .     Faith    .   b - +1 robe
rPois    .         Spirit   .   (helmet restricted)
rElec    .         Reflect  .   (no cloak)
rCorr    .         Harm     .   (gloves unavailable)
MR       .....                  (boots unavailable)
Stlth    ++........             (no amulet)
HPRegen  0.04/turn              (no ring)
MPRegen  0.08/turn              (no ring)

@: mighty, very quick
A: very small, unfitting armour, see invisible, herbivore, speed 3, slow
metabolism 2
a: no special abilities


You were on level 3 of the Dungeon.
You were full.

You visited 1 branch of the dungeon, and saw 3 of its levels.

You collected 39 gold pieces.

Inventory:

Hand Weapons
 a - a +1 vampiric dagger (weapon)
Missiles
 c - 10 boomerangs (quivered)
 d - 2 throwing nets
 g - 7 stones
Armour
 b - a +1 robe (worn)
Scrolls
 e - a scroll of identify


   Skills:
 - Level 1.5 Fighting
 + Level 1.0 Short Blades
 * Level 4.3 Throwing
 * Level 3.8 Dodging
 + Level 2.2 Stealth


You had one spell level left.
You didn't know any spells.
Your spell library was empty.

Dungeon Overview and Level Annotations

Branches:
Dungeon (3/15)

Altars:
Yredelemnul

Annotations:
D:2 Jessica, Sigmund


Innate Abilities, Weirdness & Mutations

You are very small and have problems with some larger weapons.
You are too small for most types of armour.
You have supernaturally acute eyesight. (SInv)
You are a herbivore.
You cover ground extremely quickly.
You need to consume almost no food.


Message History

The bat misses you. The bat hits you.
* * * LOW HITPOINT WARNING * * *
As you read the scroll labeled KIC COKANULEZ, it crumbles to dust.
It is a scroll of identify.
f - a potion of might The bat closely misses you.
You feel very mighty all of a sudden. The bat misses you.
The bat closely misses you.
As you read the scroll labeled GUHORI YBUITHYUSYT, it crumbles to dust.
It is a scroll of enchant armour.
Your +0 robe glows green for a moment.
The bat closely misses you. x2
You puncture the bat!
You feel better.
You kill the bat!
You barely miss the adder. The adder closely misses you. The adder bites you.
* * * LOW HITPOINT WARNING * * *
You barely miss the adder. The adder misses you.
You barely miss the adder. The adder barely misses you.
You closely miss the adder. The adder barely misses you. The adder bites you.
You die... ### #hh

#########.# .........#h# .#
$........h.## .. ............
...........#######
..............sS.#
...........#####@# ..
...........# ### ## ..........##
......s..## # ####..###########
#### ####.####.......## #...
.................#############.##
###.##.......###..........†##..#
###.##.......# #......##......##


You could see an adder and a giant cockroach.

Vanquished Creatures
  An adder (D:3)
  2 leopard geckos
  2 goblins (D:1)
  A hobgoblin (D:1)
  4 bats
  2 kobolds
  3 rats (D:1)
15 creatures vanquished.

Notes
Turn   | Place    | Note
-------+----------+-------------------------------------------
     0 | D:1      | Chiseanne the Spriggan Hunter began the quest for the Orb.
     0 | D:1      | Reached XP level 1. HP: 10/10 MP: 2/2
   369 | D:1      | Reached XP level 2. HP: 14/14 MP: 3/3
   604 | D:2      | Found a basalt altar of Yredelemnul.
   618 | D:2      | Noticed Sigmund
   618 | D:2      | Noticed Jessica
   655 | D:3      | Noticed a sky beast
   670 | D:3      | Reached skill level 1 in Short Blades
   734 | D:3      | Slain by an adder

Levels and vault maps discovered:
D:1:      dpeg_arrival_subterranean_lakeside_camping, layout_basic
D:2:      minmay_wonky_spiral, layout_loops_ring,
          nicolae_overflow_crystal_walls, nicolae_overflow_hidden_temple,
          lemuel_round_altar, uniq_sigmund, uniq_jessica, uniq_terence,
          uniq_robin
D:3:      layout_rooms, marbit_many_paths, corexii_item_surrounded_by_moat

Skill      XL: |  1  2 |
---------------+-------+-----
Stealth        | 2 |  2.2
Short Blades   | 1 |  1.0
Fighting       | |  1.5
Throwing       | |  4.3
Dodging        | |  3.8

Action                   || total
-------------------------++-------
Melee: Dagger            ||    37
       Short sword       ||     5
Throw: Boomerang         ||    18
  Use: Scroll            ||     2
       Potion            ||     1
 Stab: Sleeping          ||     3
  Eat: Ration            ||     1
Armor: Robe              ||     6
Dodge: Dodged            ||    51
